 Dungeon Crawl Stone Soup version 0.28.0-49-g6dfe1f597d (console) character file.

Game seed: 9471720337665916530

63 Faeu the Skirmisher (level 3, -1/34 HPs)
             Began as a Minotaur Berserker on May 15, 2022.
             Was a Believer of Trog.
             Succumbed to an adder's poison
             ... on level 3 of the Dungeon.
             The game lasted 00:01:35 (2176 turns).

Faeu the Skirmisher (Minotaur Berserker)            Turns: 2176, Time: 00:01:35

Health: -1/34      AC:  2    Str: 23    XL:     3   Next: 87%
Magic:  2/2        EV: 12    Int:  4    God:    Trog [**....]
Gold:   71         SH:  0    Dex:  9    Spells: 2/2 levels left

rFire   + . .      SeeInvis .   a - +0 hand axe {axe}
rCold   + . .      Faith    .   (no shield)
rNeg    . . .      Spirit   .   b - +0 animal skin
rPois   +          Reflect  .   (helmet restricted)
rElec   +          Harm     .   (no cloak)
rCorr   +          Rampage  .   (no gloves)
Will    .....                   (no boots)
Stlth   +.........              (no amulet)
HPRegen 0.11/turn               (no ring)
MPRegen 0.08/turn               (no ring)

@: lethally poisoned (-1 -> -9), resistant
A: horns 2, retaliatory headbutt
a: Renounce Religion, Berserk, Trog's Hand


You were on level 3 of the Dungeon.
You worshipped Trog.
Trog was pleased with you.
You visited 1 branch of the dungeon, and saw 3 of its levels.

You collected 71 gold pieces.


Innate Abilities, Weirdness & Mutations

You have a pair of horns on your head.
You reflexively headbutt those who attack you in melee.


   Skills:
 + Level 4.3 Fighting
 + Level 4.3 Axes
 + Level 3.2 Armour
 + Level 3.0 Dodging


You had 2 spell levels left.
You didn't know any spells.
Your spell library contained the following spells:

 Spells                   Type           Power      Damage    Failure   Level
 Portal Projectile        Hex/Tloc       0%         N/A       86%         3
 Blade Hands              Tmut           0%         N/A       100%        5
 Excruciating Wounds      Necr           0%         N/A       100%        5

Inventory:

Hand Weapons
 a - a +0 hand axe (weapon) {axe}
 i - a +0 short sword of freezing {short}
   (You found it on level 1 of the Dungeon)
 l - a +0 dagger of venom {short}
   (You took it off a goblin on level 2 of the Dungeon)
Armour
 b - a +0 animal skin (worn)
Jewellery
 h - a ring of magical power
   (You found it on level 1 of the Dungeon)
 n - a ring of positive energy
   (You found it on level 2 of the Dungeon)
Scrolls
 d - a scroll of fog {unknown}
 e - a scroll of blinking {unknown}
 f - 3 scrolls of identify {unknown}
 g - a scroll of holy word {unknown}
 j - a scroll of torment {unknown}
 m - a scroll of enchant weapon {unknown}
Potions
 c - a potion of flight {unknown}
 k - a potion of mutation {unknown}
 o - a potion of resistance
 p - a potion of curing {unknown}

Dungeon Overview and Level Annotations

Branches:
Dungeon (3/15)

Altars:

#.######
#......#
######<# #>#
#.#
#######.####.##
...............
#######.#####.#
#$..(.# #..@..#
#.....S....#
#.##.....#.# #
#.....#.#
###.### # #.#
... ###


You could see an adder.


Message History

No target in view!
Done exploring.
No target in view!
Done exploring.
No target in view!
Done exploring.
No target in view!
Done exploring.
No target in view!
Okay, then.
Okay, then.
Done exploring.
Okay, then.
Done exploring.
No target in view!
(D) Dungeon
Where to? (Enter - D:2, ? - help)
Things that are here:
a +0 dagger {short}; 4 stones {throwing}
There is a stone staircase leading down here.
You climb downwards.
There is a stone staircase leading up here.
There is a stone staircase leading up here.
There is a stone staircase leading down here.
An adder comes into view.
The adder hisses angrily.
An adder is nearby!
An adder is nearby!
The adder bites you.
An adder is nearby!
You barely miss the adder. Your headbutt misses the adder.
The adder bites you but does no damage.
An adder is nearby!
You closely miss the adder. The adder bites you. x2
You are poisoned.
The adder poisons you!
An adder is nearby!
You are too injured to fight recklessly!
An adder is nearby!
You are too injured to fight recklessly!
An adder is nearby!
You are too injured to fight recklessly!
An adder is nearby!
You are too injured to fight recklessly!
An adder is nearby!
You are too injured to fight recklessly!
An adder is nearby!
You are too injured to fight recklessly!
An adder is nearby!
You are too injured to fight recklessly!
An adder is nearby!
You are too injured to fight recklessly!
An adder is nearby!
You are too injured to fight recklessly!
An adder is nearby!
You are too injured to fight recklessly!
An adder is nearby!
You are too injured to fight recklessly!
An adder is nearby!
You are too injured to fight recklessly!
An adder is nearby!
You are too injured to fight recklessly!
An adder is nearby!
You are too injured to fight recklessly!
An adder is nearby!
You are too injured to fight recklessly!
An adder is nearby!
You are too injured to fight recklessly!
An adder is nearby!
You are too injured to fight recklessly!
An adder is nearby!
You are too injured to fight recklessly!
An adder is nearby!
You are too injured to fight recklessly!
You closely miss the adder. Your headbutt misses the adder.
You feel sick. The adder barely misses you.
You barely miss the adder. Your headbutt misses the adder.
You feel sick. The adder bites you.
You are more poisoned.
The adder poisons you! The adder bites you.
* * * LOW HITPOINT WARNING * * *
You miss the adder.
You feel sick. The adder closely misses you.
You miss the adder.
You feel sick. The adder bites you.
* * * LOW HITPOINT WARNING * * *
You barely miss the adder. Your headbutt misses the adder.
* * * LOW HITPOINT WARNING * * *
You feel sick. The adder misses you. The adder bites you.
* * * LOW HITPOINT WARNING * * *
You hit the adder.
* * * LOW HITPOINT WARNING * * *
You feel sick. The adder bites you.
* * * LOW HITPOINT WARNING * * *
You are more poisoned.
The adder poisons you! 😱 HP[-33]
You take 33 damage, and now have 1/34 hp.
MASSIVE DAMAGE!! (PAUSE) It was a potion of resistance.
You feel protected.
You die...

Skill      XL: |  1  2  3 |
---------------+----------+-----
Fighting       | 4 |  4.3
Axes           | 4 |  4.3
Armour         | 3 |  3.2
Dodging        | 3 |  3.0

Action                   || total
-------------------------++-------
Melee: Hand axe          ||    73
       Headbutt          ||     9
  Use: Potion            ||     1
Armor: Animal skin       ||    18
Dodge: Dodged            ||    63

Levels and vault maps discovered:
D:1:      sevenhm_arrival_forest_fort_small_6, layout_basic,
          corexii_item_surrounded_by_moat, st_stairs_14
D:2:      layout_loops_ring, dreamdust_ecumenical_altar_grove,
          grunt_decor_junction, uniq_terence
D:3:      layout_loops_ring

Notes
Turn   | Place    | Note
-------+----------+-------------------------------------------
     0 | D:1      | Faeu the Minotaur Berserker began the quest for the Orb.
     0 | D:1      | Reached XP level 1. HP: 19/19 MP: 0/0
     0 | D:1      | magus.rc [v1.9.6]
   334 | D:1      | Reached XP level 2. HP: 27/27 MP: 1/1
   740 | D:1      | Reached skill level 4 in Fighting
   740 | D:1      | Reached skill level 4 in Axes
  1082 | D:1      | Reached skill level 3 in Armour
  1275 | D:2      | You pick up a book of Weapons {forbidden} and begin
                  | reading...
  1275 | D:2      | You add the spells Portal Projectile, Excruciating Wounds
                  | and Blade Hands to your library.
  1320 | D:2      | Reached XP level 3. HP: 33/33 MP: 2/2
  1397 | D:2      | Reached ** piety under Trog
  1482 | D:2      | Noticed Terence
  1492 | D:2      | Killed Terence
  1679 | D:2      | Reached skill level 3 in Dodging
  1701 | D:2      | Found a faded altar of an unknown god.
  2173 | D:3      | HP: 6/34 [adder (5)]
  2175 | D:3      | HP: 2/34 [poisoned by an adder]
  2176 | D:3      | Succumbed to an adder's poison

Vanquished Creatures
  Terence (D:2)
  A dart slug (D:1)
  4 bats
  4 endoplasms
  3 giant cockroaches
  4 goblins
  4 hobgoblins
  5 kobolds
  2 quokkas (D:1)
  3 ball pythons (D:1)
  5 rats
36 creatures vanquished.

Vanquished Creatures (others)
  3 fungi (D:2)
  6 plants (D:2)
9 creatures vanquished.

Grand Total: 45 creatures vanquished

Table legend:
 A = Non-vault XP
 B = Vault XP
 C = Vault XP percentage of total XP
 D = Non-vault monster count
 E = Vault monster count
 F = Vault count percentage of total count
                 A         B        C        D         E       F
            +---------+---------+-------+---------+---------+-------
      Total |      57 |      33 |  36.7 |      34 |       2 |   5.6
            +---------+---------+-------+---------+---------+-------
        D:1 |      37 |       1 |   2.6 |      21 |       1 |   4.5
        D:2 |      20 |      32 |  61.5 |      13 |       1 |   7.1
            +---------+---------+-------+---------+---------+-------

Illustrated notes

Table legend:
 A = Kills in this place as a percentage of kills in entire the game.
 B = Kills by you in this place as a percentage of kills by you in the entire game.
 C = Kills by friends in this place as a percentage of kills by friends in the entire game.
 D = Other kills in this place as a percentage of other kills in the entire game.
 E = Experience gained in this place as a percentage of experience gained in the entire game.
 F = Experience gained in this place divided by the number of levels of this place that you have seen.
                   A       B       C       D       E      F
               +-------+-------+-------+-------+-------+----------------------
         Total | 100.0 | 100.0 |   N/A |   N/A | 100.0 |  30.0
       Dungeon | 100.0 | 100.0 |   N/A |   N/A | 100.0 |  30.0
               +-------+-------+-------+-------+-------+----------------------

Table legend: (Time is in decaauts)
 A = Elapsed time spent in this place.
 B = Non-inter-level travel time spent in this place.
 C = Inter-level travel time spent in this place.
 D = Time resting spent in this place.
 E = Time spent auto-exploring this place.
 F = Levels seen in this place.
 G = Mean time per level.
                   A        B        C        D        E       F      G
               +--------+--------+--------+--------+--------+-----+--------+
         Total |   2183 |   2134 |     49 |      0 |   1897 |   3 |  727.7 |
       Dungeon |   2183 |   2134 |     49 |      0 |   1897 |   3 |  727.7 |
               +--------+--------+--------+--------+--------+-----+--------+

Top non-repeatable levels by time:
     D:1: 1265 daAuts
     D:2: 899 daAuts
     D:3: 18 daAuts
